Map: Dusk Towers

Players

Kira

  • Race: Protoss Protoss
  • League: Gold

blackxored - Winner!

  • Race: Zerg Zerg
  • League: Diamond

VOD

Have the link to the VOD?

Description

Time

  • Played on: June 19, 2016, 6:31 p.m.
  • Length: 15:00
Show
View Real Time Build Order
Export as new Build Order

Kira Protoss 

Build Orders: Nexus First 

Get SALT Encoding   

  12  0:01  Probe (Chrono Boost)  
  13  0:11  Probe (Chrono Boost)  
  14  0:18  Pylon  
  14  0:22  Probe (Chrono Boost)  
  15  0:37  Probe (Chrono Boost)  
  16  0:47  Probe (Chrono Boost)  
  17  0:59  Nexus  
  17  1:08  Gateway  
  17  1:14  Assimilator  
  17  1:17  Probe (Chrono Boost)  
  18  1:29  Probe (Chrono Boost)  
  19  1:39  Probe (Chrono Boost)  
  20  1:45  Assimilator  
  20  1:48  Pylon  
  20  2:02  Cybernetics Core  
  20  2:08  Probe (Chrono Boost)  
  21  2:16  Probe (Chrono Boost)  
  21  2:18  Probe (Chrono Boost)  
  23  2:25  Gateway  
  23  2:26  Probe (Chrono Boost)  
  23  2:29  Probe (Chrono Boost)  
  25  2:30  Forge  
  25  2:38  Adept  
  25  2:39  Warp Gate (Chrono Boost)  
  25  2:43  Probe x2 (Chrono Boost)  
  29  2:53  Probe (Chrono Boost)  
  29  2:54  Mothership Core (Chrono Boost)  
  32  3:04  Probe (Chrono Boost)  
  33  3:12  Probe (Chrono Boost)  
  34  3:13  Probe (Chrono Boost)  
  35  3:23  Pylon  
  35  3:26  Protoss Ground Weapons Level 1  
  34  3:27  Twilight Council  
  34  3:29  Probe  
  34  3:30  Probe  
  36  3:34  Adept  
  36  3:39  Probe  
  39  3:42  Probe  
  40  3:50  Probe  
  40  3:54  Probe  
  42  3:59  Robotics Facility  
  42  4:03  Gateway  
  42  4:04  Resonating Glaives (Chrono Boost)  
  42  4:05  Pylon  
  42  4:14  Probe  
  42  4:15  Probe  
  44  4:26  Gateway  
  44  4:27  Gateway  
  44  4:28  Pylon  
  44  4:31  Gateway  
  44  4:54  Warp Prism (Chrono Boost)  
  46  5:01  Assimilator  
  46  5:05  Assimilator  
  46  5:08  Pylon  
  46  5:19  Pylon  
  46  5:20  Protoss Ground Armor Level 1 (Chrono Boost)  
  46  5:22  Adept x4  
  46  5:23  Adept  
  46  5:24  Pylon  
  56  5:41  Immortal (Chrono Boost)  
  60  5:44  Gateway  
  60  5:56  Adept  
  62  5:57  Adept x4  
  62  6:20  Adept x5  
  60  6:40  Nexus  
  54  6:55  Stalker x2  
  54  7:02  Immortal (Chrono Boost)  
  54  7:03  Protoss Ground Weapons Level 2 (Chrono Boost)  
  56  7:10  Adept x3  
  56  7:13  Probe  
  56  7:15  Probe  
  62  7:23  Adept  
  62  7:27  Probe  
  65  7:43  Probe  
  65  7:44  Probe  
  67  7:52  Immortal (Chrono Boost)  
  67  7:54  Robotics Facility, Probe x2  
  67  7:56  Probe  
  67  7:58  Pylon  
  74  8:05  Probe x2  
  73  8:08  Probe  
  73  8:10  Stalker  
  73  8:11  Stalker x3  
  78  8:20  Pylon  
  78  8:22  Pylon  
  74  8:41  Photon Cannon  
  74  8:47  Probe x2  
  74  8:48  Probe  
  76  8:49  Pylon  
  76  8:51  Photon Cannon  
  73  8:57  Probe x2  
  73  9:00  Probe  
  78  9:06  Immortal (Chrono Boost)  
  78  9:10  Pylon  
  78  9:13  Assimilator  
  78  9:15  Probe x2  
  78  9:16  Probe  
  81  9:17  Assimilator  
  81  9:20  Protoss Shields Level 1  
  81  9:24  Blink (Chrono Boost)  
  81  9:25  Probe x2  
  81  9:28  Stalker x3, Probe  
  75  9:51  Stalker x3  
  75  9:52  Stalker x2  
  81  10:13  Photon Cannon  
  81  10:16  Photon Cannon  
  81  10:19  Photon Cannon  
  76  10:23  Stalker x2  
  76  10:24  Stalker x3, Photon Cannon  
  83  10:34  Probe x2  
  83  10:35  Probe  
  86  10:44  Probe x2  
  86  10:47  Probe  
  89  10:55  Probe x2  
  91  10:59  Probe  
  92  11:20  Stalker  
  92  11:21  Stalker x6  
  78  11:49  Probe x2  
  78  11:50  Probe  
  51  12:02  Stargate  
  49  12:17  Probe x2  
  51  12:23  Mothership Core  
  51  12:24  Stalker  
  51  12:25  Stalker x4  
  51  12:28  Probe x2  
  58  12:39  Stalker x2  
  42  13:00  Stalker x4  
  42  13:01  Stalker  
Show
View Real Time Build Order
Export as new Build Order

blackxored Zerg - Winner!

Build Orders: 3 Hatch before Pool 

Get SALT Encoding   

  12  0:02  Drone  
  13  0:08  Drone  
  14  0:20  Overlord  
  14  0:23  Extractor  
  14  0:24  Drone  
  15  0:43  Drone x2  
  17  0:55  Hatchery  
  16  0:57  Drone  
  17  1:04  Drone  
  18  1:24  Hatchery  
  17  1:42  Spawning Pool  
  16  1:59  Drone  
  16  2:00  Drone x2  
  19  2:17  Drone x2  
  19  2:22  Drone x2  
  23  2:32  Drone x2  
  23  2:33  Queen  
  23  2:35  Queen  
  29  2:37  Queen  
  29  2:39  Overlord  
  31  2:46  Zergling x4  
  33  2:52  Zergling x2  
  34  3:01  Overlord  
  34  3:09  Drone x3  
  34  3:10  Drone x2  
  39  3:18  Extractor  
  39  3:19  Drone x2  
  40  3:20  Extractor, Drone  
  40  3:22  Roach Warren  
  40  3:25  Overlord  
  39  3:27  Drone  
  39  3:32  Drone  
  41  3:46  Drone x4  
  41  3:47  Drone x4  
  49  3:49  Overlord  
  49  4:00  Extractor, Drone x2  
  49  4:01  Extractor  
  49  4:02  Drone  
  50  4:03  Drone x3  
  50  4:05  Drone x2  
  55  4:19  Roach x2  
  55  4:23  Drone  
  55  4:24  Drone x6  
  62  4:27  Overlord  
  66  4:35  Lair  
  65  4:56  Drone x9  
  74  5:00  Extractor  
  74  5:01  Extractor  
  72  5:12  Overlord x2  
  72  5:13  Overlord  
  72  5:27  Roach  
  74  5:29  Overlord x3  
  74  5:33  Drone x6  
  74  5:34  Drone  
  81  5:36  Overlord  
  81  5:37  Overlord x3  
  81  5:38  Overseer  
  81  5:41  Roach  
  81  5:42  Roach x2  
  87  5:46  Drone  
  87  5:47  Spire  
  87  5:51  Roach x2  
  87  5:55  Ravager x3  
  87  5:56  Burrow  
  94  5:59  Roach x4  
  94  6:01  Spine Crawler  
  94  6:02  Spine Crawler  
  100  6:08  Ravager x3  
  99  6:17  Drone x9  
  99  6:24  Drone  
  87  6:42  Roach x9  
  97  7:03  Mutalisk x4  
  97  7:06  Drone  
  97  7:07  Drone x4  
  108  7:23  Hydralisk Den  
  108  7:24  Mutalisk  
  108  7:26  Hatchery  
  108  7:39  Mutalisk x3  
  114  8:03  Mutalisk x4  
  122  8:06  Hatchery  
  111  8:15  Drone x6  
  113  8:23  Drone x2  
  114  8:32  Glial Reconstitution  
  113  8:35  Drone x2  
  113  8:36  Drone  
  113  8:45  Drone x3  
  112  9:04  Drone x3  
  112  9:06  Drone x2  
  112  9:09  Drone x4  
  121  9:11  Ravager x2  
  121  9:12  Ravager x9  
  121  9:13  Queen  
  121  9:14  Queen x2  
  138  9:20  Evolution Chamber  
  138  9:22  Evolution Chamber  
  134  9:49  Queen x3  
  132  10:03  Mutalisk x8  
  146  10:17  Zergling x2  
  146  10:18  Zergling x10  
  146  10:20  Overlord x3  
  146  10:21  Overlord  
  152  10:38  Metabolic Boost, Queen  
  152  10:40  Mutalisk x5  
  164  10:43  Zergling x4  
  164  10:44  Zergling x2  
  164  10:48  Zerg Melee Weapons Level 1  
  167  10:53  Zergling x6  
  168  11:05  Extractor  
  168  11:09  Spine Crawler x3  
  168  11:11  Spine Crawler  
  153  11:12  Drone x6, Spine Crawler x2  
  153  11:13  Drone x6  
  153  11:15  Spine Crawler x3  
  153  11:17  Spine Crawler  
  157  11:19  Spine Crawler  
  157  11:20  Spine Crawler  
  147  11:31  Zergling x10  
  125  11:53  Mutalisk x4  
  125  11:54  Mutalisk x2  
  130  12:35  Mutalisk x3  
  130  12:36  Mutalisk x5  
  142  12:45  Hatchery  
  137  12:59  Mutalisk x2  
  137  13:00  Mutalisk  
  135  14:43  Extractor  
  135  14:44  Extractor  
  132  14:53  Hatchery  
Tags
 
Add a new tag
Caveats
  • Supply blocks, unpowered buildings, or Contaminate may cause inaccurate times.
  • Supply counts are checked every 10 seconds.